 Dungeon Crawl Stone Soup version 0.20.0 (webtiles) character file.

170 Llamajah the Shield-Bearer (level 5, -11/42 HPs)
             Began as a Formicid Fighter on June 16, 2017.
             Blown up by Ijyb (20 damage)
             ... with a wand of disintegration (?/24)
             ... on level 3 of the Dungeon.
             The game lasted 00:06:06 (2827 turns).

Llamajah the Shield-Bearer (Formicid Fighter)       Turns: 2827, Time: 00:06:07

Health: -11/42     AC:  7    Str: 21    XL:     5   Next: 80%
Magic:  14/14      EV:  9    Int:  8    God:
Gold:   97         SH:  9    Dex: 10    Spells: 4/4 levels left

rFire    . . .     SeeInvis +   a - +0 war axe
rCold    . . .     Gourm    .   c - +0 shield
rNeg     . . .     Faith    .   b - +0 scale mail
rPois    .         Spirit   .   (helmet unavailable)
rElec    .         Reflect  .   (no cloak)
rCorr    .         Harm     .   (no gloves)
MR       .....                  (no boots)
Stlth    ..........             m - amulet of regeneration
Regen    0.6/turn               t - ring of magical power
MPRegen  0.2/turn               (no ring)

@: no status effects
A: permanent stasis, dig shafts and tunnels, four strong arms, antennae 3
a: Dig, Shaft Self


You were on level 3 of the Dungeon.
You were not hungry.

You visited 1 branch of the dungeon, and saw 3 of its levels.

You collected 97 gold pieces.

Inventory:

Hand Weapons
 a - a +0 war axe (weapon)
Armour
 b - a +0 scale mail (worn)
 c - a +0 shield (worn)
Jewellery
 m - an amulet of regeneration (around neck)
 t - a ring of magical power (left hand)
Wands
 i - a wand of polymorph (9/24)
Scrolls
 h - 2 scrolls of immolation {unknown}
 j - a scroll of teleportation {unknown}
 k - a scroll of magic mapping {unknown}
 r - 3 scrolls of remove curse {unknown}
Potions
 d - a potion of might
 e - 4 potions of lignification {unknown}
 g - 2 potions of agility {unknown}
 n - a potion of resistance {unknown}
 p - a potion of curing {unknown}
 q - a potion of berserk rage {unknown}
Books
 s - a book of Changes

   Spells                             Type                      Level
   a - Beastly Appendage              Transmutation                1
   b - Sticks to Snakes               Transmutation                2
   c - Spider Form                    Transmutation/Poison         3
   d - Ice Form                       Ice/Transmutation            4
   e - Blade Hands                    Transmutation                5
Comestibles
 f - 2 bread rations
 l - 2 meat rations
 o - a chunk of flesh


   Skills:
 + Level 3.8 Fighting
 + Level 2.8 Axes
 + Level 4.1 Armour
 * Level 2.5 Dodging
 + Level 4.4 Shields


You had 4 spell levels left.
You didn't know any spells.

Dungeon Overview and Level Annotations

Branches:
Dungeon (3/15)

Altars:
Cheibriados
Trog

Annotations:
D:3 Ijyb


Innate Abilities, Weirdness & Mutations

You cannot be hasted, slowed, berserked, paralysed or teleported.
You can dig through walls and to a lower floor.
Your four strong arms can wield two-handed weapons with a shield.
You have a pair of large antennae on your head. (SInv)


Message History

The jackal bites you but does no damage.
You closely miss Ijyb. You hit the jackal. You block the jackal's attack.
Ijyb barely misses you. You block the jackal's attack. Ijyb hits you.
You are too injured to fight recklessly!
You are too injured to fight recklessly!
You are too injured to fight recklessly!
Unknown command.
You hit Ijyb but do no damage. You hit the jackal but do no damage.
You block the jackal's attack. Ijyb barely misses you. The jackal bites you.
Your shield and scale mail prevent you from hitting Ijyb.
Your shield and scale mail prevent you from hitting the jackal.
You block the jackal's attack.
Ijyb zaps a wand.
You are blasted!
* * * LOW HITPOINT WARNING * * *
You block the jackal's attack.
You slash Ijyb!
Ijyb is heavily wounded.
You hit the jackal.
You kill the jackal!
Ijyb zaps a wand.
You are blasted!
You die...

#........# ....#
##.######.###....#
...........##.... .
##.######..##...# .. #.#
#..##...# ... #.#
#...#...# .... #.#
#.#.#...# .....#
##.######.#.....##[....#
................@g....$.
##.######.##.)..#l.....#
##.# #.##..###.##+### #
#.....(.#.# #
.....##.#(#.##
##########.##...(..+
[..........###..#.##
##.........###..#.#
..................#


You could see Ijyb and a leopard gecko.

Vanquished Creatures
  The ghost of loopi the Magician, a weakling DEFE (D:3)
  6 adders
  2 oozes
  A worm (D:2)
  3 dart slugs
  2 orcs (D:3)
  5 giant cockroaches
  8 goblins
  6 hobgoblins
  6 jackals
  2 quokkas (D:2)
  9 bats
  7 kobolds
  5 rats
63 creatures vanquished.

Notes
Turn   | Place    | Note
-------+----------+-------------------------------------------
     0 | D:1      | Llamajah the Formicid Fighter began the quest for the Orb.
     0 | D:1      | Reached XP level 1. HP: 18/18 MP: 1/1
    66 | D:1      | Reached XP level 2. HP: 22/24 MP: 2/2
   648 | D:1      | Reached XP level 3. HP: 29/29 MP: 3/3
   722 | D:2      | Reached skill level 1 in Dodging
  1185 | D:2      | Reached XP level 4. HP: 24/35 MP: 4/4
  1374 | D:2      | Found a bloodstained altar of Trog.
  1633 | D:2      | Found a snail-covered altar of Cheibriados.
  1893 | D:2      | Reached XP level 5. HP: 42/42 MP: 5/5
  2139 | D:3      | Noticed loopi's ghost (weakling DEFE)
  2360 | D:3      | Killed loopi's ghost
  2819 | D:3      | Noticed Ijyb
  2827 | D:3      | Blown up by Ijyb

Skill      XL: |  1  2  3  4  5 |
---------------+----------------+-----
Shields        | 4 |  4.4
Dodging        | 1 2 |  2.5
Armour         | 4 |  4.1
Fighting       | |  3.8
Axes           | |  2.8

Action                   |  1- 3 |  4- 6 || total
-------------------------+-------+-------++-------
Melee: War axe           |    98 |   150 ||   248
  Eat: Chunk             |     1 |     6 ||     7
Armor: Scale mail        |    43 |    54 ||    97
Dodge: Dodged            |    53 |    64 ||   117
Block: Shield            |    58 |    77 ||   135
